 Dungeon Sprint DCSS version 0.21.1-1-g345015f (webtiles) character file.

17047 wilfster70 the Ninja (level 12, -8/64 (66) HPs)
             Began as a Spriggan Enchanter on Mar 2, 2018.
             Was the Champion of Dithmenos.
             Killed from afar by a fire giant (59 damage)
             ... with a bolt of fire
             ... in the Dungeon (Sprint I: "Red Sonja").
             The game lasted 00:20:19 (2190 turns).

wilfster70 the Ninja (Spriggan Enchanter)           Turns: 2190, Time: 00:20:20

HP:   -8/64 (66)    AC:  5    Str:  4    XL:     12   Next: 15%
MP:   18/27         EV: 28    Int: 23    God:    Dithmenos [******]
Gold: 855           SH:  0    Dex: 17    Spells: 24/31 levels left

rFire    . . .     SeeInvis +   a - +5 dagger (freeze)
rCold    . . .     Gourm    .   (shield restricted)
rNeg     + . .     Faith    .   s - +2 robe
rPois    +         Spirit   .   l - +0 mask of the Dragon {MR+ Slay+3 SInv}
rElec    .         Reflect  .   (no cloak)
rCorr    .         Harm     .   (gloves unavailable)
MR       +++..     NoTele   +   (boots unavailable)
Stlth    ++++++++++             (no amulet)
HPRegen  0.20/turn              m - ring "Ritrines" {*Slow rN+ AC+1 Int+2}
MPRegen  0.20/turn              (no ring)

@: wreathed by umbra, very quick
A: very small, unfitting armour, see invisible, herbivore, speed 3, poison
resistance, slow metabolism 2, subdued magic 1
a: Shadow Step, Shadow Form, Renounce Religion


You were in the Dungeon.
You worshipped Dithmenos.
Dithmenos was exalted by your worship.
You were not hungry.

You visited 1 branch You collected 2422 gold pieces.
You spent 1567 gold pieces at shops.

Inventory:

Hand Weapons
 a - a +5 dagger of freezing (weapon)
 b - a +0 blowgun
 o - the +6 hand axe of Magnificence {pain, rN++ Dex+2}
   (You bought it in a shop in the Dungeon)

   In the hands of one skilled in necromantic magic, it inflicts extra damage on
   living creatures.
   It affects your dexterity (+2).
   It greatly protects you from negative energy.
Missiles
 t - 9 curare-tipped needles
Armour
 l - the +0 mask of the Dragon (worn) {MR+ Slay+3 SInv}
   (You bought it in a shop in the Dungeon)

   It affects your accuracy and damage with ranged weapons and melee attacks
   (+3).
   It affects your resistance to hostile enchantments.
   It lets you see invisible.
 s - a +2 robe (worn)
Jewellery
 m - the ring "Ritrines" (left hand) {*Slow rN+ AC+1 Int+2}
   (You bought it in a shop in the Dungeon)

   [ring of protection]

   It affects your AC (+1).
   It affects your intelligence (+2).
   It protects you from negative energy.
   It may slow you when you take damage.
Wands
 i - a wand of flame (11)
Scrolls
 j - a scroll of blinking
 n - 2 scrolls of remove curse
Potions
 e - 4 potions of curing
 f - a potion of heal wounds
 g - 2 potions of haste
 h - 3 potions of magic
 p - a potion of agility
Books
 c - a book of Maledictions

   Spells                             Type                      Level
   a - Corona                         Hexes                        1
   b - Ensorcelled Hibernation        Hexes/Ice                    2
   c - Confuse                        Hexes                        3
   d - Tukima's Dance                 Hexes                        3
   e - Dazzling Spray                 Conjuration/Hexes            3
 k - a book of Minor Magic

   Spells                             Type                      Level
   a - Magic Dart                     Conjuration                  1
   b - Blink                          Translocation                2
   c - Call Imp                       Summoning                    2
   d - Slow                           Hexes                        2
   e - Conjure Flame                  Conjuration/Fire             3
   f - Mephitic Cloud                 Conjuration/Poison/Air       3
Miscellaneous
 r - a lightning rod (4/4)
Comestibles
 d - 2 rations


   Skills:
 + Level 9.1 Fighting
 - Level 10.2 Short Blades
 - Level 12.1 Dodging
 O Level 27 Stealth
 - Level 10.0 Spellcasting
 - Level 10.3 Hexes
 - Level 8.0 Ice Magic
 + Level 10.7 Invocations


You had 24 spell levels left.
You knew the following spells:

 Your Spells              Type           Power        Failure   Level  Hunger
b - Ensorcelled Hibernat  Hex/Ice        #####.       1%          2    None
c - Confuse               Hex            #####...     1%          3    None
d - Slow                  Hex            #####...     1%          2    None


Dungeon Overview and Level Annotations

Branches:
Dungeon (1/1)

Altars:
Cheibriados
Dithmenos
Elyvilon
Fedhas
Gozag
Hepliaklqana
Kikubaaqudgha
Makhleb
Nemelex Xobeh
Okawaru
Qazlal
Ru
Sif Muna
Trog
Uskayaw
Vehumet
Wu Jian
Xom
Yredelemnul
Zin
The Shining One
Jiyva
Lugonu

Shops:
D *:??:*!=*%(?!!=[:


Innate Abilities, Weirdness & Mutations

You are very small and have problems with some larger weapons.
You are too small for most types of armour.
You have supernaturally acute eyesight. (SInv)
You are a herbivore.
You cover ground extremely quickly.
You need consume almost no food.
Your system is resistant to poisons. (rPois)
Your spells are a little easier to cast, but a little less powerful.


Message History

Confirm with . or Enter, or press ? or * to list all spells.
Aiming: Ensorcelled Hibernation
Press: ? - help, Shift-Dir - straight line, f/p - fire giant
Aim: a fire giant, wielding a great sword of flaming (lightly wounded, umbra, chance to defeat MR: 18%)
The fire giant resists with almost no effort.
Casting: Ensorcelled Hibernation
Confirm with . or Enter, or press ? or * to list all spells.
Aiming: Ensorcelled Hibernation
Press: ? - help, Shift-Dir - straight line, f/p - fire giant
Aim: a fire giant, wielding a great sword of flaming (lightly wounded, umbra, chance to defeat MR: 18%)
The fire giant resists with almost no effort.
Your shadow mimicks your spell!
The fire giant resists with almost no effort.
The fire giant points at you and mumbles some strange words.
The bolt of fire misses you.
The fire giant gestures at you while chanting.
The bolt of fire hits the fire giant.
The fire giant resists.
The bolt of fire hits you!
Ouch! That really hurt!
You die...

#.^.§.+..$$$##.#A#$#..≈.}#
###.)§#^....#..###$#.)4.##
'.#§§§###''##.##..$#.y≈##
#.#§§###..###..#+###..≈#
#.#^^####..###...# ≈..##
#§##'#..#..#.###.#M≈..#
#.##(#.........#.###.m#
§.####.........#.# +..#
#§#.('...§§.####@# ##+#
#§#####..§###.C..#
'.#?$)#####.C.####
###/....§..C###
#((?.CC.##### #$!....##
#%.C..## #$$$$$ ######


You could see 3 fire giants.

Vanquished Creatures
  A fire giant (D)
  A lorocyproca (D)
  A hydra (D)
  2 centaur warriors (D)
  Sonja (D)
  7 unseen horrors (D)
  A deep troll (D)
  A lindwurm (D)
  An oklob plant (D)
  2 merfolk sirens (D)
  A gargoyle (D)
  2 kobold demonologists (D)
  4 demonic crawlers (D)
  5 hornets (D)
  A slime creature (D)
  2 redbacks (D)
  Sigmund (D)
  A yak (D)
  13 hogs (D)
  4 floating eyes (D)
  7 necrophages (D)
  An ogre (D)
  8 jellies (D)
  Ijyb (D)
  3 ballistomycetes (D)
72 creatures vanquished.

Vanquished Creatures (others)
  A gargoyle (D)
  A floating eye (D)
  2 ballistomycete spores (D)
4 creatures vanquished.

Grand Total: 76 creatures vanquished

Notes
Turn   | Place    | Note
-------+----------+-------------------------------------------
     0 | D        | wilfster70 the Spriggan Enchanter began the quest for the Orb.
     0 | D        | Reached XP level 1. HP: 9/9 MP: 5/5
     1 | D        | Noticed Ijyb
    12 | D        | Killed Ijyb
    12 | D        | Reached skill level 5 in Stealth
    12 | D        | Reached XP level 2. HP: 13/13 MP: 6/8
    20 | D        | Learned a level 2 spell: Ensorcelled Hibernation
    73 | D        | Noticed an ogre
    77 | D        | Killed an ogre
    77 | D        | Reached skill level 7 in Stealth
    77 | D        | Reached skill level 5 in Spellcasting
    77 | D        | Reached XP level 3. HP: 16/16 MP: 9/11
    77 | D        | Reached XP level 4. HP: 21/21 MP: 9/12
    86 | D        | Noticed Sigmund
    89 | D        | Killed Sigmund
    89 | D        | Reached skill level 9 in Stealth
    89 | D        | Reached XP level 5. HP: 24/24 MP: 10/15
   104 | D        | Found an ornate altar of the Wu Jian Council.
   104 | D        | Found a deep blue altar of Sif Muna.
   106 | D        | Found a radiant altar of Vehumet.
   110 | D        | Reached XP level 6. HP: 28/28 MP: 9/17
   119 | D        | Found Vopn's Book Emporium.
   119 | D        | Found an ancient bone altar of Kikubaaqudgha.
   119 | D        | Found a hazy altar of Hepliaklqana.
   119 | D        | Found a stormy altar of Qazlal.
   119 | D        | Found a hide-covered altar of Uskayaw.
   119 | D        | Found a blossoming altar of Fedhas.
   119 | D        | Found a bloodstained altar of Trog.
   119 | D        | Found an iron altar of Okawaru.
   119 | D        | Found a basalt altar of Yredelemnul.
   119 | D        | Found a glowing golden altar of the Shining One.
   119 | D        | Found a snail-covered altar of Cheibriados.
   119 | D        | Found a sacrificial altar of Ru.
   119 | D        | Found a glowing silver altar of Zin.
   119 | D        | Found a shadowy altar of Dithmenos.
   119 | D        | Found a white marble altar of Elyvilon.
   119 | D        | Noticed a yak
   120 | D        | Found an opulent altar of Gozag.
   121 | D        | Killed a yak
   121 | D        | Reached skill level 10 in Stealth
   172 | D        | Found a sparkling altar of Nemelex Xobeh.
   178 | D        | Became a worshipper of Dithmenos the Shadowed
   195 | D        | Noticed Sonja
   199 | D        | Killed Sonja
   199 | D        | Reached skill level 12 in Stealth
   199 | D        | Reached XP level 7. HP: 32/32 MP: 18/20
   214 | D        | Found Vismaa's General Store.
   234 | D        | Noticed a deep troll
   239 | D        | Killed a deep troll
   239 | D        | Reached skill level 13 in Stealth
   239 | D        | Reached skill level 10 in Spellcasting
   239 | D        | Reached skill level 10 in Hexes
   239 | D        | Reached XP level 8. HP: 36/36 MP: 19/23
   249 | D        | Found Kaf Cuym's Armour Emporium.
   254 | D        | Bought the +0 mask of the Dragon {MR+ Slay+3 SInv} for 434 gold pieces
   254 | D        | Found the +0 mask of the Dragon {MR+ Slay+3 SInv}
   274 | D        | Noticed a centaur warrior
   274 | D        | Noticed a centaur warrior
   277 | D        | Killed a centaur warrior
   277 | D        | Reached * piety under Dithmenos
   277 | D        | Reached skill level 10 in Short Blades
   277 | D        | Reached skill level 14 in Stealth
   277 | D        | Reached XP level 9. HP: 39/39 MP: 24/24
   279 | D        | Killed a centaur warrior
   279 | D        | Reached skill level 16 in Stealth
   283 | D        | Learned a level 2 spell: Slow
   287 | D        | Learned a level 3 spell: Confuse
   306 | D        | Noticed an oklob plant
   308 | D        | Killed an oklob plant
   308 | D        | Reached ** piety under Dithmenos
   308 | D        | Reached skill level 17 in Stealth
   322 | D        | Reached skill level 18 in Stealth
   331 | D        | Reached skill level 19 in Stealth
   343 | D        | Noticed an unseen horror
   343 | D        | Noticed an unseen horror
   348 | D        | Killed an unseen horror
   348 | D        | Reached *** piety under Dithmenos
   348 | D        | Reached skill level 20 in Stealth
   348 | D        | Reached XP level 10. HP: 43/44 MP: 17/25
   349 | D        | Killed an unseen horror
   349 | D        | Reached skill level 21 in Stealth
   356 | D        | Reached **** piety under Dithmenos
   479 | D        | Reached skill level 22 in Stealth
   481 | D        | Reached ***** piety under Dithmenos
   570 | D        | Found Wuiloqas's Magic Scroll Shoppe.
   570 | D        | Found Qavuagient's Magic Scroll Shop.
   570 | D        | Found Jijeawol's Book Boutique.
   572 | D        | Found Noclulafiepp's General Store.
   572 | D        | Found Xerhin's Distillery.
   572 | D        | Found Okhozox's Jewellery Shoppe.
   572 | D        | Found Viesm's Assorted Antiques.
   572 | D        | Found Zuzo's Food Emporium.
   572 | D        | Found Asinaso's Antique Weapon Shop.
   572 | D        | Found Buriem's Magic Scroll Shoppe.
   576 | D        | Found Toth's Distillery.
   577 | D        | Found Finuadah's Jewellery Emporium.
   577 | D        | Found Bugaw's Distillery.
   578 | D        | Found Xutim's Book Emporium.
   679 | D        | Killed a gargoyle
   927 | D        | Noticed a shining eye
   927 | D        | Noticed a shining eye
   927 | D        | Noticed a shining eye
   928 | D        | Noticed a shining eye
   928 | D        | Noticed a shining eye
   928 | D        | Noticed a shining eye
   933 | D        | Paralysed by a floating eye for 4 turns
   936 | D        | Gained mutation: Your system is resistant to poisons. (rPois) [a shining eye]
   938 | D        | Gained mutation: Your spells are a little easier to cast, but a little less powerful. [a shining eye]
   964 | D        | Found a viscous altar of Jiyva.
   964 | D        | Found a corrupted altar of Lugonu.
   965 | D        | Found a burning altar of Makhleb.
   965 | D        | Found a shimmering altar of Xom.
   983 | D        | Reached skill level 23 in Stealth
   986 | D        | Reached ****** piety under Dithmenos
   990 | D        | Reached skill level 24 in Stealth
   994 | D        | Reached skill level 25 in Stealth
  1009 | D        | Noticed a lindwurm
  1013 | D        | Killed a lindwurm
  1013 | D        | Reached XP level 11. HP: 45/45 MP: 26/26
  1030 | D        | Reached skill level 26 in Stealth
  1053 | D        | Reached skill level 27 in Stealth
  1075 | D        | Reached skill level 1 in Fighting
  1075 | D        | Reached skill level 1 in Invocations
  1196 | D        | Noticed a 12-headed hydra
  1198 | D        | Killed a 12-headed hydra
  1210 | D        | Noticed a deep elf annihilator
  1214 | D        | Noticed a mummy priest
  1236 | D        | Reached skill level 5 in Invocations
  1247 | D        | Reached skill level 5 in Fighting
  1348 | D        | Noticed a lorocyproca
  1354 | D        | Killed a lorocyproca
  1942 | D        | Bought a scroll of enchant armour for 82 gold pieces
  1976 | D        | Bought a scroll of enchant weapon for 97 gold pieces
  1976 | D        | Bought a scroll of brand weapon for 260 gold pieces
  1976 | D        | Bought a scroll of enchant armour for 97 gold pieces
  1976 | D        | Bought a scroll of enchant weapon for 97 gold pieces
  1976 | D        | Bought a scroll of enchant weapon for 97 gold pieces
  1997 | D        | Bought the ring "Ritrines" {*Slow rN+ AC+1 Int+2} for 179 gold pieces
  2006 | D        | Bought a fine hand axe for 224 gold pieces
  2006 | D        | Identified the +6 hand axe of Magnificence {pain, rN++ Dex+2} (You bought it in a shop in the Dungeon)
  2135 | D        | Noticed a daeva
  2139 | D        | Noticed an unseen horror
  2139 | D        | Noticed an unseen horror
  2139 | D        | Noticed an unseen horror
  2139 | D        | Noticed an unseen horror
  2141 | D        | Killed an unseen horror
  2142 | D        | Noticed an unseen horror
  2143 | D        | Killed an unseen horror
  2144 | D        | Killed an unseen horror
  2146 | D        | Killed an unseen horror
  2148 | D        | Killed an unseen horror
  2148 | D        | Reached XP level 12. HP: 63/63 MP: 27/27
  2153 | D        | Noticed a fire giant
  2155 | D        | Noticed a fire giant
  2155 | D        | Noticed a fire giant
  2155 | D        | Noticed a fire giant
  2156 | D        | Killed a fire giant
  2156 | D        | Reached skill level 10 in Invocations
  2190 | D        | Killed from afar by a fire giant

Skill      XL: |  1  2  3  4  5  6  7  8  9 10 11 12 |
---------------+-------------------------------------+-----
Short Blades   | 2 4 6 8 10 | 10.2
Dodging        | 4 6 8 11 12 | 12.1
Stealth        | 5 7 9 12 13 14 20 25 27 | 27.0
Spellcasting   | 4 5 7 9 10 | 10.0
Hexes          | 4 6 7 9 10 | 10.3
Ice Magic      | 4 6 8 |  8.0
Fighting       | 8 9 |  9.1
Invocations    | 9 10 | 10.7

Action                   |  1- 3 |  4- 6 |  7- 9 | 10-12 || total
-------------------------+-------+-------+-------+-------++-------
Melee: Dagger            |    10 |     4 |    10 |   122 ||   146
 Fire: Blowgun           |       |       |       |     2 ||     2
 Cast: Ensorcelled Hiber |       |     2 |     4 |    30 ||    36
       Confuse           |       |       |       |     3 ||     3
       Slow              |       |       |       |     2 ||     2
Invok: Shadow Step       |       |       |     1 |     3 ||     4
Evoke: Wand              |       |     1 |       |       ||     1
  Use: Potion            |     1 |       |       |       ||     1
       Scroll            |       |       |       |    11 ||    11
 Stab: Sleeping          |     1 |     4 |     9 |    50 ||    64
       Confused          |       |       |       |     2 ||     2
Armor: Robe              |       |       |       |     1 ||     1
Dodge: Dodged            |     6 |       |     4 |    45 ||    55
